Map: Cactus Valley LE (Void)

Players

Railgan

  • Race: Zerg Zerg
  • League: Grandmaster
  • Spawn Location: 5:00

MygraiN - Winner!

  • Race: Protoss Protoss
  • League: Grandmaster
  • Spawn Location: 11:00

VOD

Have the link to the VOD?

Description

Time

  • Played on: March 22, 2017, 6:19 p.m.
  • Length: 12:13
Show
View Real Time Build Order
Export as new Build Order

Railgan Zerg 

Build Orders: Hatch First, Swarm Host 

Get SALT Encoding   

  12  0:01  Drone  
  13  0:09  Drone  
  14  0:20  Extractor, Drone  
  14  0:23  Extractor  
  14  0:24  Drone  
  16  0:45  Hatchery  
  16  0:48  Overlord  
  15  1:03  Spawning Pool  
  14  1:07  Drone  
  14  1:10  Drone  
  16  1:14  Drone  
  18  1:25  Drone  
  18  1:28  Extractor  
  18  1:29  Drone  
  18  1:39  Drone  
  19  1:49  Queen  
  19  1:52  Zergling x2  
  22  1:58  Queen  
  22  2:01  Drone x2  
  26  2:09  Overlord  
  26  2:12  Drone  
  27  2:18  Drone  
  28  2:30  Queen  
  28  2:31  Metabolic Boost  
  28  2:33  Drone  
  28  2:36  Queen  
  33  2:43  Drone  
  34  2:47  Drone  
  34  2:49  Drone  
  34  2:50  Evolution Chamber  
  35  2:53  Overlord  
  35  2:59  Zergling x2  
  36  3:11  Overlord  
  36  3:12  Drone  
  37  3:13  Drone x3  
  37  3:19  Drone x3  
  43  3:22  Zerg Melee Weapons Level 1  
  43  3:28  Drone  
  43  3:29  Overlord  
  43  3:33  Drone  
  45  3:39  Drone  
  46  3:42  Extractor  
  46  3:43  Lair  
  46  3:45  Extractor  
  46  3:47  Drone  
  46  3:48  Drone x2  
  47  3:54  Drone  
  48  3:56  Zergling x2  
  48  3:57  Drone  
  48  4:00  Spore Crawler x2  
  48  4:06  Drone x2  
  48  4:09  Drone  
  51  4:14  Drone x5  
  56  4:27  Extractor  
  55  4:32  Drone  
  55  4:35  Hatchery  
  55  4:37  Drone  
  56  4:38  Drone  
  56  4:40  Baneling Nest, Overlord  
  56  4:45  Zergling x2  
  56  4:46  Zergling x2  
  57  4:58  Zergling x4, Queen x2  
  63  5:02  Infestation Pit  
  63  5:06  Drone x2  
  60  5:07  Drone  
  61  5:16  Drone  
  61  5:17  Drone x4  
  61  5:18  Overlord  
  66  5:23  Overseer  
  66  5:27  Drone, Overlord  
  66  5:44  Overlord  
  66  5:45  Pathogen Glands  
  66  5:50  Drone x3  
  66  5:51  Drone x4  
  73  6:00  Drone  
  73  6:02  Drone  
  73  6:03  Drone  
  76  6:09  Drone  
  75  6:14  Evolution Chamber  
  75  6:15  Drone x2  
  75  6:17  Drone x2  
  75  6:18  Hydralisk Den, Drone  
  78  6:19  Burrow  
  78  6:29  Drone x3  
  78  6:30  Drone x2  
  78  6:31  Extractor  
  78  6:32  Extractor  
  81  6:34  Overlord  
  81  6:37  Zerg Melee Weapons Level 2  
  81  6:40  Centrifical Hooks  
  81  6:44  Hatchery  
  80  6:48  Drone x4  
  80  6:49  Drone  
  80  6:52  Spore Crawler  
  80  6:53  Overlord  
  84  6:54  Zerg Ground Armor Level 1  
  84  7:02  Zergling x2  
  84  7:03  Overlord, Zergling x8  
  84  7:04  Overlord  
  84  7:06  Infestor x2  
  93  7:21  Drone  
  93  7:28  Swarm Host x3  
  93  7:29  Swarm Host x5  
  117  7:31  Baneling  
  117  7:32  Baneling x9  
  117  7:36  Swarm Host  
  120  7:38  Zergling x2  
  120  7:39  Zergling x6  
  124  7:46  Overlord  
  124  7:47  Overseer  
  124  7:48  Swarm Host x2  
  130  7:53  Overlord  
  130  7:55  Overlord  
  130  7:57  Overlord  
  130  8:02  Zergling x2  
  128  8:16  Zergling x2  
  128  8:17  Zergling x18  
  128  8:19  Baneling x8  
  131  8:23  Zergling x2  
  132  8:34  Swarm Host  
  132  8:35  Swarm Host x6  
  132  8:38  Zergling x10  
  144  8:51  Zergling x14  
  141  8:58  Swarm Host  
  141  8:59  Swarm Host x4  
  142  9:03  Queen x2  
  133  9:13  Zergling x18  
  136  9:21  Drone x2  
  131  9:26  Drone  
  131  9:27  Drone  
  131  9:30  Drone x3  
  136  9:34  Baneling x5  
  136  9:35  Baneling x5  
  136  9:51  Drone x2  
  138  9:56  Drone x3  
  138  9:57  Drone, Zergling x12  
  148  10:05  Baneling  
  148  10:06  Baneling x12  
  148  10:07  Zergling x2  
  148  10:08  Zergling x6  
  148  10:12  Overlord  
  152  10:15  Zerg Missile Weapons Level 1  
  135  10:35  Zergling x20  
  126  10:36  Zergling x4  
  126  10:40  Zergling x2  
  130  10:46  Zergling x2  
  130  10:47  Zergling x2  
  130  10:48  Queen x2  
  137  10:51  Zergling x2  
  137  10:54  Baneling x8  
  137  10:55  Baneling x2  
  132  11:08  Swarm Host x4  
  137  11:19  Zergling x2  
  137  11:23  Hatchery  
  134  11:33  Zergling x6  
  134  11:39  Zergling x4  
Show
View Real Time Build Order
Export as new Build Order

MygraiN Protoss - Winner!

Build Orders: 1 Gate Expand, Oracle Opening, Zealot Archon 

Get SALT Encoding   

  12  0:01  Probe (Chrono Boost)  
  13  0:11  Probe (Chrono Boost)  
  14  0:19  Pylon  
  14  0:22  Probe (Chrono Boost)  
  15  0:37  Probe (Chrono Boost)  
  15  0:39  Gateway  
  16  0:47  Probe (Chrono Boost)  
  17  0:51  Assimilator  
  17  0:58  Probe (Chrono Boost)  
  18  1:08  Probe (Chrono Boost)  
  19  1:25  Nexus  
  19  1:35  Cybernetics Core  
  19  1:37  Probe (Chrono Boost)  
  20  1:42  Assimilator  
  20  1:48  Probe (Chrono Boost)  
  20  1:51  Pylon  
  21  1:58  Probe (Chrono Boost)  
  22  2:09  Zealot, Probe (Chrono Boost)  
  25  2:19  Probe (Chrono Boost)  
  26  2:28  Stargate  
  26  2:30  Probe (Chrono Boost)  
  26  2:34  Warp Gate  
  27  2:41  Probe (Chrono Boost), Stalker  
  27  2:42  Probe (Chrono Boost)  
  32  2:51  Probe (Chrono Boost)  
  32  2:54  Probe (Chrono Boost)  
  33  2:59  Pylon  
  33  3:02  Probe (Chrono Boost)  
  33  3:05  Probe (Chrono Boost)  
  35  3:07  Oracle  
  39  3:14  Probe (Chrono Boost)  
  39  3:15  Probe (Chrono Boost)  
  40  3:26  Probe x2 (Chrono Boost)  
  42  3:28  Gateway  
  42  3:29  Gateway  
  42  3:37  Probe (Chrono Boost)  
  42  3:38  Oracle  
  42  3:39  Probe (Chrono Boost)  
  44  3:45  Pylon  
  48  3:51  Probe (Chrono Boost)  
  49  3:57  Mothership Core (Chrono Boost)  
  51  4:04  Probe (Chrono Boost)  
  51  4:10  Pylon, Nexus  
  51  4:16  Probe x2 (Chrono Boost)  
  53  4:20  Void Ray  
  53  4:26  Probe (Chrono Boost)  
  53  4:28  Probe (Chrono Boost)  
  53  4:30  Forge  
  59  4:36  Pylon  
  59  4:38  Probe (Chrono Boost)  
  60  4:40  Probe (Chrono Boost), Assimilator  
  60  4:43  Assimilator  
  61  4:46  Twilight Council  
  61  4:48  Probe (Chrono Boost)  
  63  4:53  Probe (Chrono Boost)  
  63  4:55  Pylon  
  63  4:59  Probe (Chrono Boost)  
  64  5:05  Probe (Chrono Boost)  
  65  5:09  Probe (Chrono Boost)  
  65  5:10  Protoss Ground Weapons Level 1  
  65  5:13  Robotics Facility  
  63  5:17  Probe (Chrono Boost)  
  63  5:19  Charge  
  63  5:20  Probe (Chrono Boost)  
  66  5:29  Probe (Chrono Boost)  
  66  5:32  Probe (Chrono Boost)  
  66  5:34  Probe (Chrono Boost)  
  68  5:37  Assimilator x2  
  68  5:39  Pylon  
  68  5:41  Probe (Chrono Boost)  
  69  5:44  Probe (Chrono Boost)  
  69  5:45  Probe (Chrono Boost)  
  71  5:51  Templar Archives  
  71  5:53  Pylon, Probe (Chrono Boost)  
  71  5:55  Probe (Chrono Boost)  
  71  5:56  Warp Prism, Probe (Chrono Boost)  
  77  6:05  Probe (Chrono Boost)  
  77  6:06  Probe (Chrono Boost)  
  77  6:08  Probe (Chrono Boost)  
  79  6:13  Gateway  
  79  6:14  Gateway  
  79  6:17  Gateway  
  79  6:19  Gateway  
  79  6:22  Gateway  
  79  6:28  Probe (Chrono Boost)  
  79  6:30  Psionic Storm  
  79  6:32  Pylon  
  80  6:34  Pylon  
  80  6:36  Pylon  
  80  6:38  Immortal, Probe (Chrono Boost)  
  80  6:39  Pylon, Probe (Chrono Boost)  
  86  6:44  High Templar x2  
  86  6:46  Pylon  
  90  6:51  Protoss Ground Weapons Level 2, Gateway  
  90  6:52  Gateway  
  90  6:55  Gateway  
  90  7:03  Photon Cannon  
  90  7:07  Photon Cannon  
  90  7:10  Zealot  
  92  7:22  Zealot x7  
  106  7:29  Observer  
  107  7:46  Zealot, High Templar x5  
  107  7:47  Zealot x2  
  107  7:50  Immortal, Archon x2  
  127  8:09  Zealot x5  
  125  8:25  Archon  
  121  8:42  Zealot x10  
  121  8:43  Warp Prism  
  139  8:51  Probe x2 (Chrono Boost)  
  139  8:52  Nexus  
  139  8:54  Pylon  
  141  8:57  Pylon  
  123  9:15  Zealot x4  
  123  9:16  Zealot x5, High Templar  
  139  9:20  Assimilator  
  139  9:24  Assimilator  
  119  9:34  Warp Prism  
  119  9:37  High Templar x9  
  136  9:53  Robotics Facility  
  136  9:56  Photon Cannon  
  136  10:01  Photon Cannon  
  136  10:04  Photon Cannon  
  136  10:05  Photon Cannon, Probe (Chrono Boost)  
  139  10:07  Photon Cannon, Probe x2 (Chrono Boost)  
  139  10:08  Observer  
  139  10:09  Photon Cannon  
  139  10:11  Photon Cannon  
  140  10:28  Zealot x10  
  136  10:32  Archon  
  136  10:33  Archon x2  
  136  10:34  Immortal  
  144  10:35  Immortal  
  152  10:57  High Templar x7  
  152  10:58  Zealot x3  
  168  11:11  Immortal x2  
  148  11:21  Zealot x3  
  148  11:33  Zealot x7  
  162  11:50  High Templar x3  
  164  11:55  Archon  
  164  11:59  High Templar x2  
  164  12:00  Zealot x2, High Templar x3  
  176  12:03  Archon  
  176  12:04  Archon  
Tags
 
Add a new tag
Caveats
  • Supply blocks, unpowered buildings, or Contaminate may cause inaccurate times.
  • Supply counts are checked every 10 seconds.